 Dungeon Crawl Stone Soup version 0.28.0-47-ge53b351184 (webtiles) character file.

Game seed: 10284355335795713326

102 RatsInWalls the Chopper (level 4, -3/24 HPs)
             Began as a Vine Stalker Monk on May 8, 2022.
             Slain by an orc
             ... wielding a +0 club
              (4 damage)
             ... on level 3 of the Dungeon.
             The game lasted 00:03:33 (2232 turns).

RatsInWalls the Chopper (Vine Stalker Monk)         Turns: 2232, Time: 00:03:35

Health: -3/24      AC:  3    Str: 15    XL:     4   Next: 77%
Magic:  0/5        EV: 13    Int: 10    God:
Gold:   104        SH:  0    Dex: 17    Spells: 3/3 levels left

rFire   . . .      SeeInvis .   a - +0 hand axe
rCold   . . .      Faith    .   (no shield)
rNeg    . . .      Spirit   +   b - +0 robe
rPois   .          Reflect  .   (no helmet)
rElec   .          Harm     .   m - scarf {shadows}
rCorr   .          Rampage  .   (no gloves)
Will    .....                   l - +0 pair of boots
Stlth   +++.......              (no amulet)
HPRegen 0.88/turn               (no ring)
MPRegen 0.09/turn               (no ring)

@: no status effects
A: fangs 2, regeneration 1, magic shield, antimagic bite, no potion heal 2
a: no special abilities


You were on level 3 of the Dungeon.
You visited 1 branch of the dungeon, and saw 3 of its levels.

You collected 104 gold pieces.

Inventory:

Hand Weapons
 a - a +0 hand axe (weapon)
 f - a +0 battleaxe
Missiles
 g - 13 poisoned darts (quivered)
 o - 37 stones
Armour
 b - a +0 robe (worn)
 l - a +0 pair of boots (worn)
 m - a scarf of shadows (worn)
 p - a +0 plate armour
Jewellery
 h - an amulet of magic regeneration
Scrolls
 d - 2 scrolls of identify {unknown}
 e - a scroll of holy word {unknown}
 i - a scroll of teleportation {unknown}
 j - a scroll of enchant weapon {unknown}
 n - a scroll of noise {unknown}
Potions
 c - a potion of brilliance {unknown}
 k - a potion of curing {unknown}
 q - a potion of haste {unknown}


   Skills:
 + Level 3.2 Fighting
 * Level 3.7 Axes
 + Level 0.3 Armour
 - Level 2.8 Dodging
 + Level 3.4 Stealth


You had 3 spell levels left.
You didn't know any spells.
Your spell library was empty.

Dungeon Overview and Level Annotations

Branches:
Dungeon (3/15)

Altars:


Innate Abilities, Weirdness & Mutations

You have extremely sharp teeth.
Your natural rate of healing is unusually fast.
When hurt, damage is shared between your health and your magic reserves.
Your bite disrupts and absorbs the magic of your enemies.
Potions cannot restore your health.


Message History

The orc is heavily wounded.
You barely miss something. Something hits you.
The orc hits you with a +0 hand axe.
You closely miss the orc.
The orc is heavily wounded.
You closely miss something. Something hits you.
The orc hits you with a +0 hand axe.
An orc comes into view. It is wielding a +0 flail.
The orc shouts!
You hit the orc.
You kill the orc!
You hit something but do no damage.
You hear a shout!
Something hits you.
You barely miss something.
You hear some strange, mumbled words.
A magic dart appears from out of thin air!
The magic dart hits you.
An orc comes into view. It is wielding a +0 club.
You miss something. You bite something. You drain its magic.
You feel invigorated.
You hear some strange, mumbled words.
Something tries to affect you, but you resist.
You closely miss something. Your bite misses something. Something hits you. x2
You barely miss something. You bite something. You barely miss the orc.
The orc misses you. Something hits you but does no damage.
You closely miss something. Your bite misses something. You hit the orc.
The orc closely misses you. Something hits you but does no damage.
You hit something. Your bite misses something. You hit the orc.
The orc hits you with a +0 flail. Something hits you.
You barely miss something. You bite something.
Reactivating autopickup.
You feel a bit more experienced.
You hit the orc. The orc closely misses you.
You hit the orc. Your bite misses the orc.
The orc is heavily wounded.
You barely miss the orc. The orc hits you with a +0 club.
The orc hits you with a +0 flail!
* * * LOW HITPOINT WARNING * * *
The orc hits you with a +0 club.
You die...

#####+#####
......[..#
#.......#
##.......####
#...oo...... #
###@...##
...#.#.†.....#
...#.#+#.....#
.........###.#
#.......# #
#.......#
#.....†.#
#.......#
#..>....# #


You could see 2 orcs.

Vanquished Creatures
  An orc wizard (D:3)
  An adder (D:3)
  A worm (D:2)
  2 dart slugs
  2 orcs (D:3)
  A ball python (D:1)
  3 endoplasms
  7 giant cockroaches
  8 goblins
  4 hobgoblins
  4 quokkas (D:1)
  6 bats
  3 frilled lizards
  6 kobolds
  6 rats
55 creatures vanquished.

Notes
Turn   | Place    | Note
-------+----------+-------------------------------------------
     0 | D:1      | RatsInWalls the Vine Stalker Monk began the quest for the
                  | Orb.
     0 | D:1      | Reached XP level 1. HP: 11/11 MP: 2/2
   244 | D:1      | Reached XP level 2. HP: 13/16 MP: 3/3
   995 | D:1      | Reached XP level 3. HP: 18/19 MP: 4/4
  1744 | D:2      | Gained mutation: Your natural rate of healing is unusually
                  | fast. [Vine Stalker growth]
  1744 | D:2      | Reached XP level 4. HP: 22/24 MP: 5/5
  2098 | D:3      | Found a faded altar of an unknown god.
  2232 | D:3      | HP: 1/24 [orc/+0 flail (7)]
  2232 | D:3      | Slain by an orc

Illustrated notes

Levels and vault maps discovered:
D:1:      minmay_arrival_widening_spiral_wide, layout_rooms,
          minmay_worlds_worst_comb
D:2:      layout_basic, minmay_crystal_water
D:3:      layout_basic, grunt_temple_overflow_order_and_chaos_1,
          hellmonk_ecumenical_altar_heavens_door

Skill      XL: |  1  2  3 |
---------------+----------+-----
Axes           | 3 |  3.7
Stealth        | 3 |  3.4
Fighting       | 3 |  3.2
Armour         | |  0.3
Dodging        | |  2.8

Action                   |  1- 3 |  4- 6 || total
-------------------------+-------+-------++-------
Melee: Hand axe          |   115 |    31 ||   146
       Bite              |    26 |     8 ||    34
 Stab: Sleeping          |     9 |     2 ||    11
Armor: Robe              |    27 |     5 ||    32
Dodge: Dodged            |    73 |    17 ||    90
